 Dungeon Crawl Stone Soup version 0.19-a0-291-ga637243 (webtiles) character file.

13 mistymad the Ruffian (level 2, -3/25 HPs)
             Began as a Naga Transmuter on May 27, 2016.
             Slain by a gnoll
             ... wielding a +0 flail
              (8 damage)
             ... on level 1 of the Dungeon.
             The game lasted 00:03:13 (841 turns).

mistymad the Ruffian (Naga Transmuter)               Turns: 841, Time: 00:03:14

Health: -3/25      AC:  1    Str: 12    XL:     2   Next: 37%
Magic:  4/5        EV: 10    Int: 13    God:
Gold:   47         SH:  0    Dex: 11    Spells: 1 memorised, 4 levels left

rFire  . . .     SeeInvis +       - Unarmed
rCold  . . .     Gourm    .     b - +0 robe
rNeg   . . .     Faith    .     (no shield)
rPois  +         Spirit   .     (no helmet)
rElec  .         Dismiss  .     (no cloak)
rCorr  .         Reflect  .     (no gloves)
SustAt .         Harm     .     (no barding)
MR     .....                    (no amulet)
Stlth  +.........               (no ring)
                                (no ring)

@: appendage (expiring), very slow, not resistant to hostile enchantments, very
unstealthy
A: horns 2, see invisible, deformed body, poison resistance, slowness 2, slow
metabolism 1, spit poison 2, AC +0
a: Spit Poison, End Transformation


You were on level 1 of the Dungeon.
You were not hungry.
You had grown temporary horns.
You visited 1 branch of the dungeon, and saw 1 of its levels.

You collected 47 gold pieces.

Inventory:

Missiles
 a - 12 arrows
Armour
 b - a +0 robe (worn)
Scrolls
 e - a scroll of teleportation {unknown}
Potions
 f - a potion of flight {unknown}
Books
 c - a book of Changes

   Spells                             Type                      Level
   a - Beastly Appendage              Transmutation                1
   b - Sticks to Snakes               Transmutation                2
   c - Spider Form                    Transmutation/Poison         3
   d - Ice Form                       Ice/Transmutation            4
   e - Blade Hands                    Transmutation                5
Comestibles
 d - 2 bread rations
 g - a beef jerky


   Skills:
 + Level 1.0 Fighting
 + Level 1.7 Dodging
 + Level 3.3 Unarmed Combat
 + Level 2.0 Spellcasting
 + Level 2.4 Transmutations


You had 4 spell levels left.
You knew the following spells:

 Your Spells              Type           Power        Failure   Level  Hunger
a - Beastly Appendage     Tmut           #.....       12%         1    ##.....


Dungeon Overview and Level Annotations

Branches:
Dungeon (1/15)

Altars:


Innate Abilities, Weirdness & Mutations

You cannot wear boots.
Your serpentine skin is tough (AC +0).
You have supernaturally acute eyesight. (SInv)
Armour fits poorly on your strangely shaped body.
Your system is resistant to poisons. (rPois)
You cover ground very slowly.
You have a slow metabolism.
You can spit poison.
You have a pair of horns on your head.


Message History

You hit the gnoll but do no damage.
The gnoll is moderately wounded.
The hobgoblin hits something but does no damage.
The gnoll hits you with a flail!
Ouch! That really hurt!
* * * LOW HITPOINT WARNING * * *
You take 16 damage, and have 5/25 hp.
MASSIVE DAMAGE!!
You hit the gnoll but do no damage.
The gnoll is moderately wounded.
The hobgoblin hits something.
Unknown command.
You hit the gnoll.
You headbutt the gnoll, but do no damage.
The gnoll is heavily wounded.
The gnoll closely misses you.
The hobgoblin hits the plant but does no damage.
You completely miss the gnoll. You headbutt the gnoll.
The gnoll is almost dead.
The hobgoblin hits the plant.
The gnoll hits you with a flail!
You die... #.# #PPP.PPgPPP.PP.PP #.# #PPP.PPP...PPP.PP ####.#### #PPPPg.PPPPP..PPP #.......### #PPPPPP..<..PPPPP #.........###PPPPPPPPPPPPPPPP

#.......#.......##...........
#.......####..>...#######....
############?####..# #.##.
#..g@# #.# . #..#### ..# .
#... #.# #


You could see a gnoll and a hobgoblin.

Vanquished Creatures
  A giant gecko (D:1)
  A ball python (D:1)
  2 goblins (D:1)
  A hobgoblin (D:1)
  2 bats (D:1)
  A kobold (D:1)
  4 rats (D:1)
  A plant (D:1)
13 creatures vanquished.

Notes
Turn   | Place    | Note
--------------------------------------------------------------
     0 | D:1      | mistymad the Naga Transmuter began the quest for the Orb.
     0 | D:1      | Reached XP level 1. HP: 18/18 MP: 3/3
   339 | D:1      | Reached XP level 2. HP: 24/25 MP: 3/5
   513 | D:1      | HP: 1/25 [bat (1)]
   519 | D:1      | HP: 1/25 [bat (1)]
   841 | D:1      | Slain by a gnoll

Vault maps used:
D:1:      roderic_crop_circles_arrival_small

Action                   || total
-------------------------++-------
Melee: Unarmed           ||   121
       Headbutt          ||     5
 Cast: Beastly Appendage ||    11
Armor: Robe              ||    21
Dodge: Dodged            ||    51
